Map: Old Republic LE

Players

Bitcoinbuddy - Winner!

  • Race: Zerg Zerg
  • League: Diamond
  • Spawn Location: 7:00

HoldTheDoor

  • Race: Protoss Protoss
  • League: Diamond
  • Spawn Location: 1:00

VOD

Have the link to the VOD?

Description

Time

  • Played on: May 18, 2026, 1:39 p.m.
  • Length: 9:34
Show
View Real Time Build Order
Export as new Build Order

Bitcoinbuddy Zerg - Winner!

Build Orders: Hatch First, Roach Hydra 

Get SALT Encoding   

  12  0:00  Drone  
  13  0:12  Overlord  
  13  0:16  Drone  
  14  0:31  Drone  
  15  0:43  Hatchery  
  15  0:46  Drone  
  15  0:51  Drone  
  16  1:05  Spawning Pool  
  16  1:08  Drone  
  16  1:12  Drone  
  16  1:15  Drone  
  18  1:24  Drone  
  19  1:31  Drone  
  20  1:35  Extractor  
  19  1:43  Drone  
  20  1:52  Queen  
  22  1:56  Drone  
  22  1:57  Drone, Queen  
  26  2:02  Overlord  
  26  2:10  Drone  
  27  2:20  Drone  
  28  2:32  Drone  
  28  2:33  Drone x2, Queen  
  33  2:37  Metabolic Boost  
  33  2:40  Overlord  
  33  2:42  Drone  
  34  2:49  Drone x2  
  36  2:58  Overlord  
  36  3:00  Drone  
  37  3:08  Drone x3  
  37  3:10  Roach Warren  
  37  3:12  Drone x2  
  41  3:14  Extractor  
  41  3:15  Extractor  
  41  3:19  Drone  
  40  3:20  Overlord  
  40  3:35  Drone  
  40  3:36  Drone  
  42  3:41  Lair  
  42  3:42  Drone  
  42  3:43  Drone x2  
  42  3:47  Hatchery  
  42  3:48  Drone x3  
  47  4:02  Drone  
  48  4:03  Drone  
  49  4:22  Roach, Hatchery  
  49  4:23  Evolution Chamber, Roach  
  49  4:24  Overlord x2  
  51  4:42  Overlord x3  
  51  4:44  Glial Reconstitution  
  51  4:51  Zerg Missile Weapons Level 1  
  51  4:52  Roach x3  
  59  4:53  Roach  
  59  4:55  Overseer  
  59  4:58  Overlord x2  
  59  5:00  Drone x4  
  63  5:20  Drone x7  
  70  5:21  Hydralisk Den  
  70  5:28  Pneumatized Carapace  
  69  5:37  Extractor  
  68  5:45  Roach x3  
  72  6:06  Hydralisk x7  
  86  6:15  Spine Crawler  
  86  6:16  Drone x2, Spore Crawler  
  86  6:21  Spine Crawler  
  86  6:24  Spore Crawler  
  84  6:26  Drone x2  
  84  6:27  Drone  
  84  6:28  Spine Crawler  
  84  6:31  Spore Crawler  
  85  6:32  Spore Crawler  
  85  6:35  Spine Crawler, Drone x7  
  85  6:36  Spine Crawler  
  85  6:38  Muscular Augments  
  89  6:44  Roach x2  
  89  6:45  Zergling x4  
  89  6:46  Zergling x6  
  98  6:52  Baneling Nest  
  97  6:59  Drone  
  97  7:00  Drone  
  99  7:06  Drone x2  
  99  7:08  Zerg Missile Weapons Level 2  
  101  7:17  Queen  
  101  7:20  Drone  
  101  7:21  Drone x4, Extractor, Overlord  
  101  7:22  Overlord x4, Extractor  
  106  7:38  Hatchery  
  106  7:41  Grooved Spines  
  105  7:51  Baneling x10  
  105  8:00  Hydralisk x3  
  105  8:02  Zergling x16  
  105  8:03  Zergling x10, Lurker Den  
  123  8:40  Roach x12  
  123  8:41  Roach x4  
  152  8:55  Roach x5  
Show
View Real Time Build Order
Export as new Build Order

HoldTheDoor Protoss 

Build Orders: 1 Gate Expand, Archon Immortal, Dark Templar Rush 

Get SALT Encoding   

  12  0:00  Probe  
  13  0:13  Probe  
  14  0:20  Pylon  
  14  0:25  Probe  
  15  0:34  Probe  
  15  0:41  Gateway  
  15  0:42  Probe  
  16  0:49  Assimilator  
  17  0:53  Probe  
  18  1:05  Probe  
  19  1:24  Nexus  
  19  1:33  Cybernetics Core  
  19  1:37  Probe  
  20  1:42  Assimilator  
  20  1:47  Pylon  
  20  1:50  Probe  
  21  2:00  Stalker  
  21  2:02  Probe  
  22  2:11  Warp Gate  
  22  2:14  Probe  
  25  2:27  Probe  
  26  2:31  Adept  
  28  2:37  Gateway  
  28  2:41  Probe x2  
  30  2:53  Twilight Council, Probe x2  
  32  3:05  Probe  
  33  3:08  Robotics Facility  
  33  3:10  Probe  
  34  3:17  Probe  
  35  3:22  Probe  
  36  3:27  Assimilator  
  36  3:29  Probe  
  37  3:35  Probe  
  37  3:40  Pylon  
  38  3:57  Immortal  
  38  3:59  Dark Shrine  
  38  4:02  Pylon  
  42  4:12  Probe x2  
  42  4:13  Gateway  
  42  4:15  Gateway  
  44  4:18  Pylon  
  44  4:22  Pylon  
  44  4:24  Probe  
  44  4:26  Probe  
  44  4:29  Adept  
  44  4:30  Adept  
  50  4:35  Warp Prism  
  50  4:36  Probe  
  53  4:55  Nexus  
  53  4:58  Pylon  
  53  5:11  Pylon  
  53  5:23  Dark Templar x4  
  61  5:32  Probe x2  
  63  5:39  Pylon  
  63  5:40  Gateway  
  63  5:41  Gateway  
  63  5:47  Charge, Forge  
  63  5:55  Protoss Ground Weapons Level 1  
  63  6:07  Stalker x3  
  63  6:08  Stalker  
  63  6:09  Probe x2  
  63  6:10  Probe  
  74  6:21  Probe x2  
  74  6:22  Probe  
  77  6:26  Immortal  
  77  6:30  Archon x2  
  81  6:33  Probe  
  82  6:41  Probe x2  
  82  6:46  Shield Battery  
  84  6:55  Immortal  
  84  6:57  Probe x3  
  84  7:00  Zealot x5  
  97  7:03  Zealot  
  103  7:12  Gateway  
  103  7:13  Gateway  
  103  7:17  Probe x3  
  103  7:21  Dark Templar x2  
  110  7:25  Dark Templar  
  110  7:26  Dark Templar  
  110  7:28  Archon  
  114  7:30  Archon  
  114  7:31  Zealot  
  116  7:37  Pylon  
  116  7:39  Pylon, Probe  
  116  7:41  Pylon  
  117  7:54  Photon Cannon  
  117  7:55  Probe, Immortal  
  122  7:59  Photon Cannon  
  122  8:05  Photon Cannon  
  122  8:07  Photon Cannon  
  122  8:11  Pylon  
  122  8:14  Pylon  
  122  8:23  Photon Cannon  
  122  8:25  Photon Cannon  
  122  8:26  Shield Battery  
  122  8:28  Shield Battery  
  122  8:32  Photon Cannon  
  122  8:36  Zealot x5  
  122  8:37  Zealot  
  118  8:59  Zealot x4  
  118  9:00  Zealot x4  
Tags
 
Add a new tag
Caveats
  • Supply blocks, unpowered buildings, or Contaminate may cause inaccurate times.
  • Supply counts are checked every 10 seconds.